Map: Blueshift LE

Players

Mesrob - Winner!

  • Race: Terran Terran
  • League: Gold
  • Spawn Location: 7:00

DEADPOOL

  • Race: Protoss Protoss
  • League: Gold
  • Spawn Location: 1:00

VOD

Have the link to the VOD?

Description

Time

  • Played on: Jan. 14, 2019, 12:07 p.m.
  • Length: 14:56
Show
View Real Time Build Order
Export as new Build Order

Mesrob Terran - Winner!

Build Orders: Mech 

Get SALT Encoding   

  12  0:00  SCV  
  13  0:12  SCV  
  14  0:17  Supply Depot  
  14  0:24  SCV  
  15  0:39  SCV  
  15  0:40  Barracks  
  16  0:49  Refinery  
  16  0:51  SCV  
  17  1:03  SCV  
  18  1:15  SCV  
  19  1:28  Orbital Command  
  19  1:37  Command Center  
  19  1:39  Marine  
  20  1:57  Bunker  
  20  1:58  SCV  
  20  2:10  SCV  
  21  2:31  Supply Depot  
  21  2:40  Marine, Factory  
  21  2:43  SCV  
  23  2:48  Refinery  
  23  2:54  Supply Depot, Orbital Command  
  23  2:56  SCV  
  24  3:00  Barracks Tech Lab  
  24  3:08  SCV  
  24  3:09  Engineering Bay  
  25  3:20  SCV  
  26  3:32  SCV  
  27  3:35  Supply Depot  
  27  3:44  SCV  
  27  3:45  Armory  
  27  3:46  Missile Turret  
  28  3:54  Marine  
  29  4:03  Missile Turret  
  29  4:08  Missile Turret, Siege Tank  
  32  4:31  Missile Turret  
  32  4:34  Supply Depot  
  32  4:37  SCV  
  33  4:40  Siege Tank, SCV  
  37  4:55  Command Center, Missile Turret  
  37  4:57  Missile Turret  
  37  5:05  SCV  
  38  5:11  SCV  
  38  5:12  Siege Tank  
  42  5:15  Supply Depot  
  42  5:16  Refinery  
  42  5:17  SCV  
  43  5:23  SCV  
  43  5:26  Missile Turret  
  44  5:28  Factory  
  44  5:31  Factory  
  44  5:42  Terran Vehicle Weapons Level 1  
  44  5:44  Siege Tank  
  47  5:52  SCV  
  47  5:56  SCV  
  49  5:59  Refinery  
  49  6:04  SCV  
  49  6:08  SCV  
  51  6:16  SCV  
  51  6:17  Missile Turret  
  52  6:20  SCV  
  53  6:25  Supply Depot  
  53  6:29  SCV  
  53  6:32  SCV  
  55  6:41  Planetary Fortress, SCV  
  55  6:44  SCV  
  55  6:45  Missile Turret x2  
  57  6:48  Supply Depot  
  57  6:51  Factory Tech Lab  
  57  6:52  Factory Reactor  
  57  6:53  SCV  
  58  6:56  SCV  
  59  7:03  Thor  
  59  7:06  Missile Turret x2  
  65  7:14  SCV x2  
  67  7:18  SCV  
  68  7:23  Refinery  
  68  7:26  SCV x2  
  68  7:27  Missile Turret  
  70  7:30  SCV  
  70  7:35  Supply Depot  
  71  7:37  Thor  
  71  7:38  SCV x2  
  71  7:42  SCV  
  80  7:47  Missile Turret x2  
  80  7:50  Thor  
  86  7:57  Supply Depot  
  86  8:05  Refinery  
  86  8:06  Missile Turret  
  86  8:07  SCV x3  
  86  8:08  Missile Turret  
  89  8:19  SCV  
  90  8:25  Thor  
  90  8:26  Hellbat x2  
  100  8:32  Supply Depot, Missile Turret  
  100  8:41  Sensor Tower  
  100  8:49  Thor  
  100  8:52  Terran Vehicle And Ship Armor Level 1  
  106  8:55  Supply Depot  
  106  9:00  Armory  
  106  9:05  Widow Mine  
  106  9:06  Widow Mine  
  106  9:09  Thor  
  110  9:11  Sensor Tower  
  116  9:19  Supply Depot  
  116  9:30  SCV x3  
  119  9:35  Command Center  
  119  9:42  Supply Depot, SCV x2  
  121  9:49  Missile Turret  
  121  9:51  Thor  
  127  9:59  Factory  
  127  10:03  Factory  
  127  10:05  Missile Turret  
  127  10:08  Thor  
  127  10:09  Hellbat  
  127  10:10  Missile Turret  
  127  10:11  Hellbat  
  137  10:15  SCV x2  
  137  10:18  SCV  
  140  10:27  SCV  
  141  10:30  Missile Turret  
  141  10:31  Missile Turret, SCV x2  
  143  10:39  SCV  
  144  10:52  Missile Turret  
  144  10:55  Supply Depot  
  144  10:56  Factory Reactor  
  144  10:57  Factory Tech Lab  
  144  10:59  Widow Mine x2  
  144  11:00  Thor x2  
  160  11:14  Missile Turret  
  160  11:17  Supply Depot  
  160  11:19  Planetary Fortress  
  160  11:20  Refinery  
  156  11:31  Drilling Claws  
  156  11:33  Smart Servos  
  156  11:35  Infernal Pre-Igniter  
  156  11:36  Missile Turret  
  162  11:41  Hellbat x2  
  162  11:42  Hellbat x2  
  162  11:43  Widow Mine  
  162  11:45  Thor x2  
  162  11:46  Refinery  
  178  11:56  SCV x3  
  181  12:02  Widow Mine x2  
  181  12:03  Widow Mine  
  187  12:10  Supply Depot  
  187  12:15  Terran Vehicle And Ship Armor Level 2  
  187  12:16  Terran Vehicle Weapons Level 2  
  187  12:17  Thor  
  193  12:25  Hellbat  
  195  12:32  Hellbat  
  195  12:34  Supply Depot  
  197  12:42  SCV  
  198  12:54  Sensor Tower  
  198  13:01  Supply Depot  
  198  13:25  Supply Depot  
  198  13:27  Sensor Tower  
  198  13:48  Supply Depot  
  198  13:49  Command Center  
  198  13:56  Command Center  
Show
View Real Time Build Order
Export as new Build Order

DEADPOOL Protoss 

Build Orders:  

Get SALT Encoding   

  12  0:17  Probe  
  13  0:26  Probe  
  13  0:30  Pylon  
  14  0:35  Probe  
  15  0:55  Forge  
  15  1:15  Probe  
  15  1:23  Probe  
  16  1:31  Photon Cannon  
  17  1:33  Probe  
  18  1:41  Photon Cannon  
  18  2:00  Pylon  
  18  2:31  Nexus  
  18  2:32  Pylon  
  18  2:33  Probe  
  18  2:36  Pylon  
  19  2:41  Probe  
  19  2:48  Assimilator  
  19  2:50  Probe  
  20  2:52  Gateway  
  21  3:00  Photon Cannon  
  21  3:01  Photon Cannon  
  21  3:06  Photon Cannon  
  21  3:15  Pylon  
  21  3:25  Photon Cannon  
  21  3:28  Probe  
  21  3:31  Assimilator  
  22  3:36  Probe  
  22  3:40  Probe  
  23  3:43  Photon Cannon  
  23  3:46  Probe  
  23  3:48  Probe  
  26  3:57  Probe  
  26  3:59  Cybernetics Core  
  27  4:14  Probe x2  
  27  4:16  Assimilator  
  28  4:22  Probe  
  28  4:23  Assimilator  
  29  4:26  Probe  
  31  4:32  Probe  
  31  4:38  Probe  
  33  4:42  Stargate  
  33  4:44  Stargate  
  33  5:02  Stargate  
  33  5:06  Probe  
  33  5:07  Pylon  
  33  5:10  Probe  
  35  5:14  Probe  
  35  5:18  Probe  
  36  5:24  Probe  
  36  5:26  Robotics Facility  
  36  5:27  Probe  
  38  5:32  Void Ray  
  43  5:41  Probe  
  45  5:42  Probe  
  45  5:53  Void Ray, Probe  
  45  5:55  Probe  
  51  6:02  Void Ray  
  55  6:05  Probe  
  55  6:07  Probe  
  57  6:18  Photon Cannon  
  57  6:21  Photon Cannon  
  57  6:24  Pylon  
  57  6:29  Observer  
  58  6:35  Void Ray, Photon Cannon  
  62  6:43  Void Ray  
  66  6:50  Void Ray  
  70  6:56  Photon Cannon  
  70  7:00  Observer  
  71  7:09  Photon Cannon  
  71  7:19  Void Ray  
  75  7:25  Pylon  
  75  7:28  Pylon  
  75  7:35  Photon Cannon  
  75  7:37  Photon Cannon  
  75  7:44  Void Ray  
  75  7:45  Void Ray  
  83  7:54  Observer  
  84  8:03  Photon Cannon  
  84  8:04  Photon Cannon  
  84  8:09  Void Ray  
  88  8:16  Pylon  
  88  8:20  Pylon  
  88  8:24  Photon Cannon  
  88  8:25  Observer  
  89  8:31  Void Ray  
  93  8:34  Void Ray  
  97  8:43  Photon Cannon  
  97  8:52  Pylon  
  97  8:59  Protoss Air Armor Level 1  
  97  9:00  Nexus  
  97  9:06  Pylon  
  97  9:09  Pylon  
  97  9:10  Void Ray  
  101  9:20  Void Ray  
  105  9:33  Cybernetics Core  
  105  9:36  Pylon  
  105  9:43  Void Ray  
  109  9:51  Protoss Air Weapons Level 1  
  109  9:52  Photon Cannon  
  109  9:57  Photon Cannon  
  109  10:07  Fleet Beacon  
  109  10:19  Void Ray  
  113  10:38  Void Ray x2  
  121  10:48  Protoss Air Armor Level 2  
  121  10:51  Photon Cannon  
  121  10:55  Photon Cannon  
  121  11:13  Void Ray  
  120  11:29  Observer  
  120  11:32  Protoss Air Weapons Level 2  
  121  11:45  Photon Cannon  
  121  11:52  Void Ray x2  
  129  12:01  Protoss Ground Armor Level 1  
  129  12:07  Assimilator  
  129  12:10  Assimilator  
  129  12:15  Observer  
  130  12:23  Void Ray  
  134  12:37  Twilight Council  
  134  12:55  Forge  
  134  13:08  Void Ray  
  134  13:09  Void Ray  
  142  13:16  Photon Cannon  
  142  13:21  Photon Cannon  
  142  13:26  Void Ray  
  146  13:54  Stargate  
  146  13:58  Stargate  
  146  14:00  Void Ray  
Tags
 
Composition
Mech
League
GoldGold
Matchup
PvT
Replay Pack
sc2 replays
Spawn Locations
Cross Positions
Add a new tag
Caveats
  • Supply blocks, unpowered buildings, or Contaminate may cause inaccurate times.
  • Supply counts are checked every 10 seconds.